 Seeded DCSS version 0.30-a0-121-gb27577e5d9 (webtiles) character file.

Game seed: 17932315493718799678 (custom seed)

824 Iusername the Slasher (level 7, -3/61 HPs)
             Began as a Minotaur Fighter on Sept 14, 2022.
             Slain by an orc warrior
             ... wielding a +0 glaive
              (12 damage)
             ... on level 6 of the Dungeon.
             The game lasted 00:07:38 (5621 turns).

Iusername the Slasher (Minotaur Fighter)            Turns: 5621, Time: 00:07:39

Health: -3/61      AC: 11    Str: 22    XL:     7   Next: 64%
Magic:  6/6        EV: 10    Int:  5    God:
Gold:   259        SH:  5    Dex: 10    Spells: 6/6 levels left

rFire   . . .      SeeInvis .    a - +0 long sword
rCold   . . .      Faith    .    c - +0 buckler
rNeg    . . .      Spirit   .    b - +0 scale mail
rPois   .          Reflect  .    (helmet restricted)
rElec   .          Harm     .    r - +0 cloak
rCorr   .          Rampage  .    (no gloves)
Will    .....                    p - +1 pair of boots
Stlth   ..........               (no amulet)
HPRegen 0.20/turn                (no ring)
MPRegen 0.10/turn                (no ring)

@: no status effects
A: horns 2, retaliatory headbutt
a: no special abilities


You were on level 6 of the Dungeon.
You visited 1 branch of the dungeon, and saw 6 of its levels.

You collected 259 gold pieces.

Inventory:

Hand Weapons
 a - a +0 long sword (weapon)
Armour
 b - a +0 scale mail (worn)
 c - a +0 buckler (worn)
 p - a +1 pair of boots (worn)
 r - a +0 cloak (worn)
Wands
 o - a wand of iceblast (10) (quivered)
Scrolls
 d - a scroll of magic mapping {unknown}
 e - 7 scrolls of identify {unknown}
 f - 2 scrolls of enchant armour {unknown}
 g - 2 scrolls of butterflies {unknown}
 h - a scroll of enchant weapon {unknown}
 i - 4 scrolls of amnesia {unknown}
 j - a scroll of blinking {unknown}
 n - 3 scrolls of teleportation {unknown}
 v - a scroll of brand weapon {unknown}
 w - a scroll of vulnerability {unknown}
 x - a scroll of torment {unknown}
 y - a scroll of noise {unknown}
Potions
 k - a potion of haste {unknown}
 l - 2 potions of curing
 m - 4 potions of degeneration {unknown}
 q - 2 potions of brilliance {unknown}
 s - a potion of flight {unknown}
 t - a potion of cancellation {unknown}
 u - 2 potions of mutation {unknown}
 z - a potion of attraction {unknown}


   Skills:
 + Level 5.3 Fighting
 + Level 6.7 Long Blades
 + Level 6.0 Armour
 + Level 2.9 Dodging
 + Level 0.5 Stealth
 + Level 5.1 Shields


You had 6 spell levels left.
You didn't know any spells.
Your spell library contained the following spells:

 Spells                   Type           Power      Damage    Failure   Level
 Necrotise                Necr           0%         1d4       86%         1
 Sandblast                Erth           0%         2d4       86%         1
 Passwall                 Tmut/Erth      0%         N/A       94%         2
 Static Discharge         Conj/Air       0%         3-3/arc   94%         2
 Sublimation of Blood     Necr           0%         N/A       94%         2
 Wereblood                Tmut           0%         N/A       94%         2
 Stone Arrow              Conj/Erth      0%         3d7       99%         3
 Vampiric Draining        Necr           0%         2d6       99%         3
 Agony                    Necr           0%         N/A       100%        5
 Arcjolt                  Conj/Air       0%         1d10      100%        5
 Lightning Bolt           Conj/Air       0%         1d11      100%        5
 Summon Hydra             Summ           0%         N/A       100%        7
 Maxwell's Capacitive Co  Air            0%         ∞         100%        8


Dungeon Overview and Level Annotations

Branches:
Dungeon (6/15)
 Temple: D:4-7

Altars:
Ashenzari
Fedhas
Gozag
Trog
Uskayaw
Yredelemnul

Shops:
D:2 =   D:4 *


Innate Abilities, Weirdness & Mutations

You have a pair of horns on your head.
You reflexively headbutt those who attack you in melee.


Message History

You closely miss something. Your headbutt misses something.
Something hits you but does no damage. The orc warrior barely misses you.
You miss something. Something hits you but does no damage.
You block the orc warrior's attack.
You barely miss something. Something hits you but does no damage.
The orc warrior hits you from afar with a +0 glaive! x2
* * * LOW HITPOINT WARNING * * *
Something hits you but does no damage.
You closely miss something. Something hits you but does no damage.
The orc warrior barely misses you.
You closely miss something.
The orc warrior hits you from afar with a +0 glaive.
* * * LOW HITPOINT WARNING * * *
Something hits you but does no damage.
You miss something. Something hits you but does no damage.
The orc warrior misses you.
You feel better. Something hits you but does no damage.
The orc warrior hits you from afar with a +0 glaive!
* * * LOW HITPOINT WARNING * * *
You feel better. Something hits you but does no damage.
The orc warrior hits you but does no damage.
Aiming: Iceblast
Press: ? - help, Shift-Dir - straight line, f - orc
Aim: an orc, wielding a +0 club
Okay, then.
Unknown command.
You are too injured to fight recklessly!
You miss something. The orc warrior completely misses you.
Something hits you but does no damage.
You closely miss something.
You hear some strange, mumbled words.
A puff of flame appears from out of thin air!
The puff of flame misses you.
The orc warrior hits you from afar with a +0 glaive!
* * * LOW HITPOINT WARNING * * *
You slash something!
Reactivating autopickup.
You feel a bit more experienced.
The orc warrior hits you from afar with a +0 glaive!
You die...

######.....##
............#
#####.......#
#.......#
##.....##
##...## #.###
#.# #@# #)#
#...so#
#......o.
#...(.....
#.........#
..........#
..........#
#....?....#


You could see an orc warrior, a scorpion and an orc.

Vanquished Creatures
  A water moccasin (D:4)
  An ice beast (D:5)
  A phantom (D:4)
  A scorpion (D:3)
  A howler monkey (D:4)
  2 vampire bats (D:4)
  2 orc priests (D:5)
  Crazy Yiuf (D:4)
  4 iguanas
  An orc wizard (D:6)
  8 adders
  13 orcs
  10 bats
  6 endoplasms
  6 giant cockroaches
  7 goblins
  11 hobgoblins
  11 jackals
  6 quokkas
  7 ball pythons
  2 frilled lizards
  3 kobolds
  2 rats
107 creatures vanquished.

Notes
Turn   | Place    | Note
-------+----------+-------------------------------------------
     0 | D:1      | Iusername the Minotaur Fighter began the quest for the Orb.
     0 | D:1      | Reached XP level 1. HP: 19/19 MP: 0/0
   201 | D:1      | Reached XP level 2. HP: 27/27 MP: 1/1
   418 | D:1      | Found a faded altar of an unknown god.
   925 | D:2      | Reached XP level 3. HP: 31/33 MP: 2/2
  1264 | D:2      | Found Jetanop's Jewellery Shop.
  1570 | D:3      | Noticed a scorpion
  1581 | D:3      | Killed a scorpion
  1582 | D:3      | Reached skill level 1 in Dodging
  1582 | D:3      | Reached XP level 4. HP: 13/41 MP: 3/3
  2063 | D:3      | Found a broken altar of Ashenzari.
  2077 | D:3      | Reached XP level 5. HP: 40/47 MP: 4/4
  2762 | D:4      | Found a blossoming altar of Fedhas.
  3042 | D:4      | Reached skill level 5 in Long Blades
  3042 | D:4      | Reached XP level 6. HP: 51/53 MP: 5/5
  3052 | D:4      | Reached skill level 5 in Armour
  3131 | D:4      | Found a runed translucent door.
  3132 | D:4      | Noticed Crazy Yiuf
  3140 | D:4      | Killed Crazy Yiuf
  3340 | D:4      | Reached skill level 5 in Fighting
  3409 | D:4      | Found a large runed translucent door.
  3409 | D:4      | Found a large runed translucent door.
  3576 | D:4      | Found an opulent altar of Gozag.
  3578 | D:4      | Found a bloodstained altar of Trog.
  3610 | D:4      | Found Ufoxil's Serpentskin Sales.
  3610 | D:4      | Noticed a water moccasin
  3622 | D:4      | Killed a water moccasin
  3623 | D:4      | Reached XP level 7. HP: 36/61 MP: 6/6
  4062 | D:4      | Found a hide-covered altar of Uskayaw.
  4077 | D:4      | Found a basalt altar of Yredelemnul.
  4157 | D:5      | Entered Level 5 of the Dungeon
  4234 | D:5      | Reached skill level 5 in Shields
  5621 | D:6      | Slain by an orc warrior

Illustrated notes

Levels and vault maps discovered:
D:1:      matt_arrival_grand_opening, layout_loops_ring,
          chequers_ecumenical_altar_twisty, minmay_misc_feat_rugged
D:2:      layout_rooms, serial_rivers, chequers_serial_rivers_marsh,
          chequers_serial_rivers_micro_e, chequers_serial_rivers_small_3,
          chequers_serial_rivers_room_b, serial_shops, nicolae_shop_stone
D:3:      layout_loops_ring, mainiacjoe_overflow_small_starburst,
          nicolae_eternal_life
D:4:      layout_loops_corners, jmf_multi_god_temple2,
          mainiacjoe_overflow_catwalk_spiral, fedhas_ov_isle_minmay,
          serial_park_tiny_pond, roderic_batcave, guppyfry_shop_venom,
          uniq_crazy_yiuf_cottage
D:5:      layout_layer_cave, minmay_misc_feat_secret_circle
D:6:      layout_rooms, lemuel_tele_altar, enter_ossuary_3

Skill      XL: |  1  2  3  4  5  6  7 |
---------------+----------------------+-----
Fighting       | 4 5 |  5.3
Armour         | 4 5 6 |  6.0
Shields        | 4 5 |  5.1
Long Blades    | 3 4 5 6 |  6.7
Dodging        | 1 2 |  2.9
Stealth        | |  0.5

Action                   |  1- 3 |  4- 6 |  7- 9 || total
-------------------------+-------+-------+-------++-------
Melee: Long sword        |    98 |   103 |    67 ||   268
       Headbutt          |    12 |    16 |     7 ||    35
  Use: Potion            |     1 |     2 |     3 ||     6
Armor: Scale mail        |    54 |    45 |    33 ||   132
Dodge: Dodged            |    47 |    72 |    31 ||   150
Block: Buckler           |    26 |    33 |    15 ||    74

Table legend: (Time is in decaauts)
 A = Elapsed time spent in this place.
 B = Non-inter-level travel time spent in this place.
 C = Inter-level travel time spent in this place.
 D = Time resting spent in this place.
 E = Time spent auto-exploring this place.
 F = Levels seen in this place.
 G = Mean time per level.
                   A        B        C        D        E       F      G
               +--------+--------+--------+--------+--------+-----+--------+
         Total |   5688 |   5641 |     47 |    923 |   3886 |   6 |  948.0 |
       Dungeon |   5688 |   5641 |     47 |    923 |   3886 |   6 |  948.0 |
               +--------+--------+--------+--------+--------+-----+--------+

Top non-repeatable levels by time:
     D:5: 1430 daAuts
     D:4: 1412 daAuts
     D:3: 1231 daAuts
     D:1: 839 daAuts
     D:2: 736 daAuts
     D:6: 38 daAuts
